 Dungeon Crawl Stone Soup version 0.23-a0-393-g6e9e0f2 (webtiles) character file.

20246 galech the Cleaver (level 12, 0/95 HPs)
             Began as a Demonspawn Fighter on Oct 31, 2018.
             Was a High Priest of Okawaru.
             Slain by an ettin
             ... wielding a +1 dire flail of holy wrath
              (44 damage)
             ... on level 1 of the Orcish Mines.
             The game lasted 00:28:09 (15778 turns).

galech the Cleaver (Demonspawn Fighter)            Turns: 15778, Time: 00:28:10

Health: 0/95       AC: 22    Str: 17    XL:     12   Next: 43%
Magic:  0/12       EV: 14    Int:  9    God:    Okawaru [*****.]
Gold:   1116       SH: 14    Dex: 21    Spells: 11/11 levels left

rFire    . . .     SeeInvis .   L - +2 war axe (distort)
rCold    + + .     Gourm    .   c - +0 shield
rNeg     + . .     Faith    .   b - +0 plate armour
rPois    .         Spirit   +   H - +0 helmet
rElec    .         Reflect  .   D - +0 cloak
rCorr    .         Harm     .   N - +1 pair of gloves {Dex+3}
MR       .....                  (boots unavailable)
Stlth    ..........             j - amulet of guardian spirit
HPRegen  0.25/turn              u - ring of protection from cold
MPRegen  0.13/turn              I - ring of protection from cold

@: heroism
A: hooves 3, repulsion field 1, foul stench 1, negative energy resistance 1,
powered by pain 2, rot immunity
a: Heroism, Finesse, Renounce Religion


You were on level 1 of the Orcish Mines.
You worshipped Okawaru.
Okawaru was extremely pleased with you.
You were not hungry.

You visited 3 branches of the dungeon, and saw 12 of its levels.
You also visited: Ossuary and Bailey.

You collected 1187 gold pieces.
You spent 71 gold pieces at shops.

Inventory:

Hand Weapons
 J - a +2 war axe of chopping
 L - a +2 war axe of distortion (weapon)
Armour
 b - a +0 plate armour (worn)
 c - a +0 shield (worn)
 D - a +0 cloak (worn)
 H - a +0 helmet (worn)
 N - a +1 pair of gloves of dexterity (worn)
Jewellery
 j - an amulet of guardian spirit (around neck)
 r - an uncursed ring of stealth
 u - a ring of protection from cold (left hand)
 w - an uncursed amulet of the gourmand {unknown}
 I - a ring of protection from cold (right hand)
Wands
 a - a wand of acid (14)
 e - a wand of flame (13)
 G - a wand of paralysis (10)
Scrolls
 i - 6 scrolls of teleportation
 l - 4 scrolls of remove curse
 m - a scroll of enchant armour
 n - 3 scrolls of fog
 p - 4 scrolls of noise
 q - 2 scrolls of immolation
 t - 3 scrolls of vulnerability
 y - a scroll of blinking {unknown}
 A - 3 scrolls of brand weapon {unknown}
 B - 2 scrolls of enchant weapon
 E - 3 scrolls of identify
Potions
 d - 2 potions of ambrosia {unknown}
 g - a potion of magic {unknown}
 h - 2 potions of curing {unknown}
 k - 2 potions of flight {unknown}
 o - 2 potions of invisibility
 s - 2 potions of cancellation {unknown}
 v - 4 potions of agility {unknown}
 x - 2 potions of might
 z - a potion of heal wounds
 C - 4 potions of degeneration {unknown}
 F - a potion of haste {unknown}
 M - a potion of lignification {unknown}
Comestibles
 f - 19 rations
 K - a chunk of flesh


   Skills:
 + Level 9.2(14.2) Fighting
 + Level 11.2(16.2) Axes
 + Level 9.4(14.4) Armour
 + Level 4.8(9.8) Dodging
 + Level 1.6(6.6) Stealth
 + Level 9.7(14.7) Shields
 + Level 0.6 Invocations


You had 11 spell levels left.
You didn't know any spells.
Your spell library was empty.

Dungeon Overview and Level Annotations

Branches:
Dungeon (10/15)            Temple (1/1) D:7            Lair (0/6) D:10
    Orc (1/2) D:10

Altars:
Ashenzari
Dithmenos
Elyvilon
Fedhas
Gozag
Hepliaklqana
Kikubaaqudgha
Nemelex Xobeh
Okawaru
Qazlal
Ru
Trog
Uskayaw
Vehumet
Wu Jian
Xom
Yredelemnul
Zin
The Shining One

Shops:
D:4 *


Innate Abilities, Weirdness & Mutations

You have hooves in place of feet.
You are surrounded by a mild repulsion field. (EV +2)
You may emit foul miasma when damaged in melee.
You resist negative energy. (rN+)
You sometimes gain power by taking damage.
You are immune to rotting.


Message History

You start resting.
Some of the chunks of flesh in your inventory have rotted away.
HP restored.
You see here a warg skeleton.
Some of the chunks of flesh in your inventory have rotted away.
The ettin shouts in stereo!
The ettin is too close now for your liking.
You gain the combat prowess of a mighty hero.
You hit the ettin but do no damage. You kick the ettin.
The ettin is lightly wounded.
The ettin blinks!
You block the ettin's attack.
The ettin hits you with a +0 dire flail!!
The ettin looks sick.
You emit a cloud of foul miasma!
You hit the ettin. You kick the ettin.
The ettin is lightly wounded.
The ettin blinks!
The ettin hits you with a +1 dire flail of holy wrath!!
You convulse!!!
You die...

...# #......# #.## ####......##
.## ##..........# .####
#..........####### ..#.#
####.........#..##.# ...####
##............#...... ...#..#
##........#.......##.# ....##
#..ยง......#.#......### .....#
#....@.#######.......# ....##
#....C..#..##....##.## .....#
#######.............#.###
..##.# #.#..#.........#...#...#
.## ####......................#
..####.##...#.##........#..#.##
...##.#.....######.......#####
..##.....)..#.####........#
.####.........#.###....#.##


You could see an ettin.

Vanquished Creatures
  2 two-headed ogres
  Nergalle (Orc:1)
  An unseen horror (D:10)
  Pikel (D:4)
  4 trolls
  Grinder (D:4)
  Sigmund (D:2)
  2 hippogriffs
  A human (D:8)
  4 hogs (D:8)
  A basilisk (D:10)
  A wyvern (D:9)
  4 hungry ghosts
  9 wargs
  27 orc warriors
  An ice beast (D:8)
  3 sky beasts
  2 slaves (D:4)
  2 black bears
  8 ogres
  3 phantoms
  13 centaurs
  4 big kobolds
  6 bullfrogs
  9 scorpions
  The ghost of Ghost621 the Shield-Bearer, a weakling MiFi (D:3)
  5 killer bees (D:10)
  4 howler monkeys
  3 jellies
  4 crimson imps
  A bullfrog zombie (D:8)
  A quasit (D:8)
  4 centaur zombies (Ossuary)
  6 orc priests
  A hound (D:6)
  2 bullfrog skeletons
  2 human zombies (Ossuary)
  17 orc wizards
  An iguana (D:5)
  8 worker ants
  A big kobold zombie (Ossuary)
  A hound skeleton (D:9)
  2 mummies (Ossuary)
  A howler monkey zombie (D:5)
  8 scorpion zombies (Ossuary)
  A howler monkey skeleton (D:5)
  16 adders
  A shadow imp (D:6)
  6 adder skeletons
  4 worms
  2 dart slugs
  7 leopard geckos
  62 orcs
  5 bats
  6 giant cockroaches
  11 goblins
  6 hobgoblins
  4 jackals (D:7)
  23 kobolds
  5 quokkas
  A ball python (D:3)
  8 frilled lizards
  A gnoll zombie (Ossuary)
  2 goblin zombies (Ossuary)
  A hobgoblin zombie (Ossuary)
  An orc zombie (Ossuary)
  2 quokka skeletons (D:4)
  4 rats
363 creatures vanquished.

Vanquished Creatures (others)
  An orc knight (Orc:1)
  An elephant (D:10)
  A hippogriff (D:10)
  A warg (Orc:1)
  2 orc warriors (Orc:1)
  2 orc wizards (Orc:1)
  A mummy (Ossuary)
  An orc (Orc:1)
10 creatures vanquished.

Grand Total: 373 creatures vanquished

Notes
Turn   | Place    | Note
-------+----------+-------------------------------------------
     0 | D:1      | galech the Demonspawn Fighter began the quest for the Orb.
     0 | D:1      | Reached XP level 1. HP: 18/18 MP: 1/1
   189 | D:1      | Gained mutation: You have large cloven feet. [demonic
                  | ancestry]
   189 | D:1      | Reached XP level 2. HP: 21/24 MP: 2/2
  1074 | D:2      | Noticed Sigmund
  1086 | D:2      | Gained mutation: You are immune to rotting. [demonic
                  | ancestry]
  1086 | D:2      | Reached XP level 3. HP: 20/29 MP: 3/3
  1090 | D:2      | Killed Sigmund
  1090 | D:2      | Reached skill level 3 in Axes
  1090 | D:2      | Gained mutation: You are surrounded by a mild repulsion
                  | field. (EV +2) [demonic ancestry]
  1090 | D:2      | Reached XP level 4. HP: 24/36 MP: 4/4
  1090 | D:2      | Gained mutation: You have hoof-like feet. [demonic
                  | ancestry]
  1090 | D:2      | Reached XP level 5. HP: 28/41 MP: 5/5
  1516 | D:2      | Found an opulent altar of Gozag.
  1516 | D:2      | Found a glowing silver altar of Zin.
  1521 | D:2      | Found a glowing golden altar of the Shining One.
  1523 | D:2      | Found a shattered altar of Ashenzari.
  1525 | D:2      | Found a white marble altar of Elyvilon.
  1995 | D:3      | Gained mutation: You have hooves in place of feet. [demonic
                  | ancestry]
  1995 | D:3      | Reached XP level 6. HP: 48/48 MP: 6/6
  2044 | D:3      | Found a shadowy altar of Dithmenos.
  2171 | D:3      | Found a large runed door.
  2171 | D:3      | Found a large runed door.
  2382 | D:3      | Noticed Ghost621's ghost (weakling MiFi)
  2461 | D:4      | Noticed Grinder
  2464 | D:4      | Paralysed by Grinder for 6 turns
  2484 | D:4      | Paralysed by Grinder for 3 turns
  2493 | D:4      | Killed Grinder
  2493 | D:4      | Reached skill level 4 in Axes
  2493 | D:4      | Reached skill level 1 in Dodging
  2493 | D:4      | Gained mutation: You sometimes gain a little power by
                  | taking damage. [demonic ancestry]
  2493 | D:4      | Reached XP level 7. HP: 34/54 MP: 7/7
  2985 | D:4      | Noticed Pikel
  3010 | D:4      | Killed Pikel
  3010 | D:4      | Reached skill level 5 in Axes
  3010 | D:4      | Reached skill level 5 in Shields
  3010 | D:4      | Reached XP level 8. HP: 16/61 MP: 3/8
  3059 | D:4      | Found Dopnihics's General Store.
  3068 | D:4      | Bought a scroll of magic mapping for 45 gold pieces
  3068 | D:4      | Bought a scroll of identify for 26 gold pieces
  3662 | D:5      | Entered Level 5 of the Dungeon
  3715 | D:5      | Reached skill level 5 in Armour
  4957 | D:6      | Reached skill level 5 in Fighting
  4957 | D:6      | Reached skill level 6 in Axes
  4980 | D:6      | Found a sand-covered staircase.
  5026 | Ossuary  | Entered an ossuary
  5087 | Ossuary  | Reached skill level 1 in Stealth
  5463 | Ossuary  | Gained mutation: You may emit foul miasma when damaged in
                  | melee. [demonic ancestry]
  5463 | Ossuary  | Reached XP level 9. HP: 56/68 MP: 7/9
  6113 | D:6      | Reached skill level 7 in Axes
  6658 | D:7      | Found a staircase to the Ecumenical Temple.
  6668 | Temple   | Entered the Ecumenical Temple
  6738 | Temple   | Became a worshipper of Warmaster Okawaru
  6788 | D:7      | Found a flagged portal.
  6801 | Bailey   | Entered a bailey
  7792 | Bailey   | Reached * piety under Okawaru
  8340 | Bailey   | Identified the +6 great sword of Otsoroun {freeze, +Blink
                  | rF+ Int-5}
  8831 | Bailey   | Reached skill level 8 in Axes
  9460 | Bailey   | Gained mutation: You sometimes gain power by taking damage.
                  | [demonic ancestry]
  9460 | Bailey   | Reached XP level 10. HP: 45/76 MP: 6/10
  9620 | Bailey   | Reached skill level 9 in Axes
  9620 | Bailey   | Gained mutation: You resist negative energy. (rN+) [demonic
                  | ancestry]
  9620 | Bailey   | Reached XP level 11. HP: 84/84 MP: 11/11
 10161 | D:7      | Reached ** piety under Okawaru
 11072 | D:8      | Found a bloodstained altar of Trog.
 11730 | D:9      | Reached *** piety under Okawaru
 11877 | D:9      | Noticed a two-headed ogre
 11896 | D:9      | Killed a two-headed ogre
 11896 | D:9      | Reached skill level 10 in Axes
 12196 | D:9      | Received a gift from Okawaru
 12740 | D:3      | Killed Ghost621's ghost
 12870 | D:10     | Entered Level 10 of the Dungeon
 12939 | D:10     | Found a staircase to the Orcish Mines.
 13239 | D:10     | Noticed a two-headed ogre
 13249 | D:10     | Killed a two-headed ogre
 13249 | D:10     | Reached **** piety under Okawaru
 13766 | D:10     | Killed an unseen horror
 13766 | D:10     | Reached XP level 12. HP: 52/94 MP: 10/12
 14125 | D:10     | Found a staircase to the Lair.
 14374 | Orc:1    | Entered Level 1 of the Orcish Mines
 14374 | Orc:1    | Noticed an orc warlord
 14475 | Orc:1    | Reached ***** piety under Okawaru
 14582 | Orc:1    | Noticed Nergalle
 14618 | Orc:1    | Killed Nergalle
 14618 | Orc:1    | Reached skill level 11 in Axes
 14641 | Orc:1    | Noticed an ettin
 15485 | Orc:1    | Received a gift from Okawaru
 15778 | Orc:1    | Slain by an ettin

Vault maps used:
D:1:      elethiomel_arrival_infinity_welcomes_careful_drivers,
          lemuel_flame_loot_1
D:2:      chequers_temple_overflow_minitemple, uniq_sigmund
D:3:      ebering_ghost_disaster_area, grunt_dithmenos_smoke_and_mirrors
D:4:      serial_shops, shop, first_ration, uniq_pikel, uniq_grinder
D:5:      guppyfry_early_lair_pool
D:6:      lightli_ossuary_entry_decrepit_ruins
D:7:      minmay_temple_entry_statues_pillars, enter_bailey_3, st_stairs_5,
          amethyst_killhole
D:8:      lightli_temple_of_fire, grunt_livestock
D:9:      kennysheep_generic_room_10
D:10:     david_lair_generic, erik_orc_3
Temple:   eino_temple_rhombus
Orc:1:    nooodl_orcs_dogs, uniq_nergalle
Ossuary:  ossuary_minmay_scorpions
Bailey:   bailey_polearm_flooded_kennysheep, bailey

Skill      XL: |  1  2  3  4  5  6  7  8  9 10 11 12 |
---------------+-------------------------------------+-----
Shields        | 3 4 5 7 8 9 |  9.7
Armour         | 3 4 5 6 7 9 |  9.4
Axes           | 3 4 5 6 8 9 10 11 | 11.2
Fighting       | 4 5 7 8 9 |  9.2
Dodging        | 1 2 4 |  4.8
Stealth        | 1 |  1.6
Invocations    | |  0.6

Action                   |  1- 3 |  4- 6 |  7- 9 | 10-12 || total
-------------------------+-------+-------+-------+-------++-------
Melee: War axe           |    40 |       |       |   240 ||   280
       Hand axe          |    18 |   118 |   554 |   435 ||  1125
       Kick              |     9 |    36 |   208 |   223 ||   476
Invok: Heroism           |       |       |     1 |     7 ||     8
  Use: Potion            |     1 |       |     1 |     1 ||     3
       Scroll            |       |       |    10 |     5 ||    15
  Eat: Chunk             |       |     5 |    16 |    26 ||    47
       Ration            |       |       |     2 |     3 ||     5
Armor: Scale mail        |    21 |    50 |    84 |       ||   155
       Plate armour      |       |       |    69 |   240 ||   309
Dodge: Dodged            |    22 |    47 |   183 |   171 ||   423
Block: Shield            |    32 |    47 |   304 |   344 ||   727

Table legend:
 A = Non-vault XP
 B = Vault XP
 C = Vault XP percentage of total XP
 D = Non-vault monster count
 E = Vault monster count
 F = Vault count percentage of total count
                 A         B        C        D         E       F
            +---------+---------+-------+---------+---------+-------
      Total |   14409 |    9012 |  38.5 |     245 |     124 |  33.6
            +---------+---------+-------+---------+---------+-------
        D:1 |      29 |       0 |   0.0 |      16 |       0 |   0.0
        D:2 |      60 |     238 |  79.9 |      18 |       1 |   5.3
        D:3 |     136 |      66 |  32.7 |      25 |       1 |   3.8
        D:4 |     229 |     950 |  80.6 |      11 |       2 |  15.4
        D:5 |     324 |      66 |  16.9 |       9 |       5 |  35.7
        D:6 |     516 |       0 |   0.0 |      11 |       0 |   0.0
        D:7 |    1241 |     214 |  14.7 |      30 |       6 |  16.7
        D:8 |    1696 |    1014 |  37.4 |      26 |       5 |  16.1
        D:9 |    2421 |      67 |   2.7 |      18 |       1 |   5.3
       D:10 |    3971 |    1341 |  25.2 |      33 |      21 |  38.9
      Orc:1 |    3786 |    1799 |  32.2 |      48 |      13 |  21.3
    Ossuary |       0 |     987 | 100.0 |       0 |      30 | 100.0
     Bailey |       0 |    2270 | 100.0 |       0 |      39 | 100.0
            +---------+---------+-------+---------+---------+-------
